 BcadrenCrawl: Boulder Brew version 0.05.31-16-g17090fb0d7 (webtiles) character file.

Game seed: 3908306195972005274, levelgen mode: deterministic

74 diana the Vandal (level 4, -2/27 HPs) Kobold Hunter. Began on Sept 23, 2021. Slain by a sewer rat (4 damage) ... on level 2 of the Dungeon. The game lasted 00:01:58 (892 turns).

diana the Vandal (Kobold Hunter)                     Turns: 892, Time: 00:01:58

Health: -2/27      AC:  3    Str:  9    XL:     4 ^: 32
Magic:  4/4        EV: 15    Int: 12    God:
Gold:   28         SH:  0    Dex: 16    Spells: 3/3 levels left

rFire    + . .     Vision   .   b - +0 short sword
rCold    + . .     Gourm    .   (weapon restricted)
rNeg     . . .     Faith    .   c - +0 leather armour
rCorr    + . .     Spirit   .   (no helmet)
rPois    +         Reflect  .   (no cloak)
rElec    +         Harm     .   (no gloves)
MR       .....                  (no boots)
Stlth    ++........             (no amulet)
HPRegen  0.19/turn              (no ring)
MPRegen  0.14/turn              (no ring)

@: resistant
A: small, carnivore
a: no special abilities


You were on level 2 of the Dungeon.
You were not hungry.

You visited 1 branch of the dungeon, and saw 2 of its levels.

You collected 28 gold pieces.

Inventory:

Weapons
 b - a +0 short sword (weapon)
Armour
 c - a +0 leather armour (worn)
Scrolls
 e - a scroll of holy word
 f - a scroll of fog
 g - a scroll of fear
 h - a scroll of enchantment
 j - 2 scrolls of bless item
Potions
 i - a potion of invisibility
Comestibles
 d - 5 rations


   Skills:
 + Level 2.9 Fighting
 + Level 1.8 Short Blades
   Level 6.4 Slings
 + Level 1.1 Armour
 + Level 3.2 Dodging
 - Level 1.3 Stealth


You had 3 spell levels left.
You didn't know any spells.
Your spell library was empty.

Dungeon Overview and Level Annotations

Branches:
Dungeon (2/8)

Altars:
Cheibriados


Innate Abilities, Weirdness & Mutations

You are small and have problems with some larger weapons.
You are carnivorous and can eat meat at any time.


Message History

The sewer rat misses you (0).
You closely miss the sewer rat. You barely miss the sewer rat.
The sewer rat bites you (1).
* * * LOW HITPOINT WARNING * * *
You feel protected. The sewer rat closely misses you (0).
You hit the sewer rat but do no damage. The sewer rat blocks your attack.
The sewer rat is healthy. (12/12) HP The sewer rat closely misses you (0).
You hit the sewer rat but do no damage. x2
The sewer rat is healthy. (12/12) HP The sewer rat bites you (4).
* * * LOW HITPOINT WARNING * * *
You hit the sewer rat but do no damage. x2
The sewer rat is healthy. (12/12) HP The sewer rat misses you (0).
You hit the sewer rat (3). You barely miss the sewer rat.
The sewer rat is moderately wounded. (9/12) HP The sewer rat bites you (4).
You die...

#≈≈≈≈≈≈#
#######≈≈≈≈≈≈#
#.≈#≈##≈≈≈≈≈≈#
#≈..≈.≈≈≈≈≈≈≈##
##......≈≈≈≈.##
#≈......≈≈≈≈.#8
###..≈≈#.≈≈≈≈.##
##r#..#≈..≈≈≈≈.##
#@#≈r####r≈≈≈≈≈#
#####≈###..≈≈≈≈#
##.;.≈≈≈≈≈# #
....≈##r≈≈≈≈≈##≈
##.. #≈≈≈≈≈≈#≈≈
##≈.≈##.≈≈≈≈≈≈##
.≈≈≈≈≈≈..≈≈≈≈≈≈≈
≈≈≈≈≈≈≈≈..≈≈≈≈≈≈
≈≈≈≈≈≈≈≈≈.≈≈..≈≈


You could see a submerged sewer rat.

Vanquished Creatures
  A jelly (D:2)
  A giant cockroach (D:1)
  3 cinder newts
  An ooze (D:2)
  A leopard gecko (D:1)
  A ball python (D:2)
  2 goblins (D:1)
  2 rats (D:1)
12 creatures vanquished.

Vanquished Creatures (others)
  42 withered plants (D:2)
42 creatures vanquished.

Grand Total: 54 creatures vanquished

Notes
Turn   | Place    | Note
-------+----------+-------------------------------------------
     0 | D:1      | diana the Kobold Hunter began the quest for the Orb.
     0 | D:1      | Reached XP level 1. HP: 12/12 MP: 1/1
     8 | D:1      | Reached skill level 6 in Slings
     8 | D:1      | Reached XP level 2. HP: 18/18 MP: 2/2
     9 | D:1      | Noticed a yaktaur captain
    42 | D:1      | Reached skill level 1 in Short Blades
   163 | D:1      | Found a snail-covered altar of Cheibriados.
   334 | D:1      | Reached XP level 3. HP: 22/22 MP: 3/3
   628 | D:2      | Reached skill level 1 in Armour
   628 | D:2      | Reached XP level 4. HP: 27/27 MP: 4/4
   892 | D:2      | Slain by a sewer rat

Levels and vault maps discovered:
D:1:      onia_arrival_zoo_common, layout_loops_ring, first_ration,
          cheibriados_altar_1
D:2:      layout_sewer, nicolae_overflow_hidden_temple, elyvilon_niche

Skill      XL: |  1  2  3 |
---------------+----------+-----
Slings         | 6 |  6.4
Short Blades   | 1 |  1.8
Armour         | 1 |  1.1
Dodging        | 3 |  3.2
Fighting       | |  2.9
Stealth        | |  1.3

Action                   |  1- 3 |  4- 6 || total
-------------------------+-------+-------++-------
Melee: Unarmed           |    15 |    14 ||    29
       Short sword       |     4 |    86 ||    90
 Fire: Hunting sling     |    24 |    20 ||    44
  Use: Potion            |       |     1 ||     1
Armor: Leather armour    |     1 |    17 ||    18
Dodge: Dodged            |    16 |    65 ||    81
